 Dungeon Crawl Stone Soup version 0.29.1-12-g30fa7ad0bf (webtiles) character file.

Game seed: 5774210289048404327

63 Linkola the Conjurer (level 3, 0/19 HPs)
             Began as a Deep Elf Conjurer on Jan 8, 2023.
             Slain by Pargi (6 damage)
             ... on level 3 of the Dungeon.
             The game lasted 00:07:02 (2382 turns).

Linkola the Conjurer (Deep Elf Conjurer)            Turns: 2382, Time: 00:07:03

Health: 0/19       AC:  4    Str:  4    XL:     3   Next: 87%
Magic:  1/10       EV: 12    Int: 24    God:
Gold:   50         SH:  0    Dex: 13    Spells: 3/9 levels left

rFire   . . .      SeeInvis .   c - +0 short sword
rCold   . . .      Faith    +   (no shield)
rNeg    . . .      Spirit   .   a - +0 robe
rPois   .          Reflect  .   f - +0 helmet
rElec   .          Harm     .   (no cloak)
rCorr   .          Rampage  .   (no gloves)
Will    .....                   e - +0 pair of boots
Stlth   ++........              h - amulet of faith
HPRegen 0.06/turn               (no ring)
MPRegen 0.12/turn               (no ring)

@: no status effects
A: no striking features
a: no special abilities


You were on level 3 of the Dungeon.
You visited 1 branch of the dungeon, and saw 3 of its levels.

You collected 50 gold pieces.

Inventory:

Hand Weapons
 c - a +0 short sword (weapon)
Armour
 a - a +0 robe (worn)
 e - a +0 pair of boots (worn)
 f - a +0 helmet (worn)
Jewellery
 h - an amulet of faith (around neck)
Potions
 b - a potion of magic
 d - a potion of attraction {unknown}
 g - a potion of curing {unknown}
 i - a potion of flight {unknown}
 j - a potion of brilliance {unknown}
 k - a potion of cancellation {unknown}


   Skills:
 + Level 2.6 Dodging
 + Level 2.7 Stealth
 + Level 3.9 Spellcasting
 + Level 5.2 Conjurations
 * Level 1.4 Hexes


You had 3 spell levels left.
You knew the following spells:

 Your Spells              Type           Power      Damage    Failure   Level
a - Magic Dart            Conj           100%       1d8       1%          1
b - Searing Ray           Conj           60%        2d6       1%          2
c - Dazzling Flash        Conj/Hex       40%        N/A       8%          3

Your spell library contained the following spells:

 Spells                   Type           Power      Damage    Failure   Level
 Fulminant Prism          Conj/Hex       10%        3d9       24%         4
 Iskenderun's Mystic Bla  Conj/Tloc      17%        2d5       32%         4


Dungeon Overview and Level Annotations

Branches:
Dungeon (3/15)

Altars:

Shops:
D:1 :

Annotations:
D:3 Pargi


Message History

Aiming: Searing Ray (safe; 1% risk of failure)
Press: ? - help, Shift-Dir - straight line, f - Pargi
Aim: Pargi (74% to hit)
The searing ray hits Pargi!
Pargi is moderately wounded. (Press . to maintain the ray.)
The searing ray hits Pargi.
Pargi is heavily wounded.
The searing ray hits Pargi.
Pargi is heavily wounded.
Casting: Searing Ray (safe; 1% risk of failure)
Confirm with . or Enter, or press ? or * to list all spells.
The spell is extremely dangerous to miscast (8% risk of failure)!
Continue anyway?
Casting: Dazzling Flash (extremely dangerous; 8% risk of failure)
Press: ? - help, Dir - look around, f - activate You miscast Dazzling Flash.
You are very lightly contaminated with residual magic.
Nothing appears to happen.
Pargi barely misses you. x2; Pargi misses you.
Casting: Dazzling Flash (extremely dangerous; 8% risk of failure)
Confirm with . or Enter, or press ? or * to list all spells.
Aiming: Searing Ray (safe; 1% risk of failure)
Press: ? - help, Shift-Dir - straight line, f - Pargi
Aim: Pargi (moderately wounded, 74% to hit)
The searing ray misses Pargi. (Press . to maintain the ray.) Pargi bites you!
Pargi claws you but does no damage. Pargi barely misses you.
The searing ray hits Pargi.
Pargi is heavily wounded.
Pargi bites you. Pargi claws you but does no damage. Pargi barely misses you.
There is an open door here.
Pargi attacks as you move away! Pargi barely misses you.
Pargi closely misses you. Pargi claws you. Pargi attacks as you move away!
Pargi barely misses you. Pargi closely misses you. Pargi claws you.
* * * LOW HITPOINT WARNING * * *
Pargi attacks as you move away! Pargi bites you but does no damage.
Pargi claws you but does no damage. Pargi barely misses you.
Your magical contamination has completely faded away.
Pargi attacks as you move away! Pargi bites you.
You die...

.# ###.# #.# #...# #.# #.###
##+# #.# ####.### ##...# #.#
#<.....# #.....# #####.####
#.##.#.# .......##........#
#.##...#
........#.##...#.######.##...##
........'....T@.#..............
........#_##...###.####.##...##
.......##.###.## ##.# #......#
#...=.# #.# ##.###.## ####.####
##...# #.#####.#.## #.#... ##+#
#........## ###.#.## ########.#
#.....# #.# #.#.#.## #.#
#.#.....


You could see Pargi.

Vanquished Creatures
  An adder (D:3)
  A worm (D:3)
  2 dart slugs
  5 ball pythons (D:2)
  5 endoplasms
  2 giant cockroaches
  6 hobgoblins
  2 quokkas
  2 bats (D:2)
  2 frilled lizards
  5 goblins
  6 kobolds
  6 rats
45 creatures vanquished.

Notes
Turn   | Place    | Note
-------+----------+-------------------------------------------
     0 | D:1      | Linkola the Deep Elf Conjurer began the quest for the Orb.
     0 | D:1      | Reached XP level 1. HP: 10/10 MP: 6/6
   139 | D:1      | Reached XP level 2. HP: 15/15 MP: 4/8
   142 | D:1      | Learned a level 2 spell: Searing Ray
   227 | D:1      | Found Kumeyzy's Vocational Training.
   431 | D:1      | Reached skill level 1 in Hexes
  1070 | D:2      | Reached skill level 5 in Conjurations
  1122 | D:2      | Reached XP level 3. HP: 19/19 MP: 4/9
  1126 | D:2      | Learned a level 3 spell: Dazzling Flash
  2360 | D:3      | Found a faded altar of an unknown god.
  2366 | D:3      | Noticed Pargi
  2382 | D:3      | Slain by Pargi

Illustrated notes

Levels and vault maps discovered:
D:1:      dpeg_arrival_rooms_b, layout_basic, st_stairs_11,
          minmay_misc_feat_encased, nicolae_shop_vocational
D:2:      layout_rooms, minmay_misc_feat_iff, minmay_quadrilaterals
D:3:      layout_loops_corners, mainiacjoe_overflow_alcove_2,
          basic_ecumenical_altar, uniq_grinder, uniq_terence, uniq_pargi

Skill      XL: |  1  2 |
---------------+-------+-----
Hexes          | 1 |  1.4
Conjurations   | 5 |  5.2
Dodging        | |  2.6
Stealth        | |  2.7
Spellcasting   | |  3.9

Action                   || total
-------------------------++-------
 Cast: Magic Dart        ||    71
       Searing Ray       ||     9
  Use: Scroll            ||     6
Armor: Robe              ||     6
Dodge: Dodged            ||    17
